 Dungeon Crawl Stone Soup version 0.31-a0-1300-gb6740aa4e6 (webtiles) character file.

Game seed: 6354507488377216072

82245 Hubris850 the Brawler (level 15, -27/121 HPs)
             Began as a Grey Draconian Shapeshifter on Dec 15, 2023.
             Was an Initiate of Gozag.
             Annihilated by a great orb of eyes simulacrum (30 damage)
             ... summoned by an orange crystal statue
             ... in an ice cave on Dec 18, 2023.
             The game lasted 01:17:17 (25588 turns).

Hubris850 the Brawler (DrSh)                       Turns: 25588, Time: 01:17:18

Health: -27/121    AC: 17    Str: 20    XL:     15   Next: 29%
Magic:  2/15       EV: 28    Int: 10    God:    Gozag
Gold:   5683       SH:  0    Dex: 15    Spells: 14/14 levels left

rFire   . .          .
                       - Unarmed
rCold   . . .        (shield currently unavailable)
rNeg    . . .        (body armour unavailable)
rPois   .            v - +1 hat
rElec   .            R - +0 cloak
rCorr   .            I - melded +2 pair of gloves {Str+3}
SInv    .            y - +0 pair of boots
Will    +....        F - amulet of magic regeneration
Stlth   +++          d - ring of the Hare {EV+10}
HPRegen 0.40/turn    Z - +4 ring of slaying
MPRegen 0.54/turn

%: no passive effects
@: blade hands, gold aura, hasted, very quick
A: AC +14, amphibious, unfitting armour, cold-blooded
a: Begin Untransformation, Renounce Religion, Potion Petition, Call Merchant,
Bribe Branch


You were in an ice cave.
You worshipped Gozag.
Gozag was greatly pleased with you.
You had blades for hands.
You visited 3 branches of the dungeon, and saw 22 of its levels.
You also visited: Sewer and Ice Cave.

You collected 7956 gold pieces.
You spent 2273 gold pieces at shops.

Inventory:

Missiles
 g - 25 poisoned darts
 k - 5 throwing nets
 x - 21 boomerangs
 z - 8 javelins
 W - 3 curare-tipped darts
Armour
 v - a +1 hat (worn)
 y - a +0 pair of boots (worn)
 I - a +2 pair of gloves of strength (melded)
 R - a +0 cloak (worn)
Magical Staves
 w - a staff of cold
Jewellery
 b - a +6 ring of intelligence
 d - the ring of the Hare (left blade hand) {EV+10}
   (You bought it in a shop on level 2 of the Orcish Mines)

   [ring of evasion]

   EV+10:     It affects your evasion (+10).
 o - a ring of poison resistance
 F - an amulet of magic regeneration (around neck)
 L - a +5 ring of evasion
 Z - a +4 ring of slaying (right blade hand)
Talismans
 a - a serpent talisman
 c - a flux talisman
 Y - a blade talisman (active)
Wands
 n - a wand of polymorph (14)
 A - a wand of charming (7)
 C - a wand of flame (17)
 E - a wand of roots (4)
 O - a wand of acid (7)
 T - a wand of mindburst (11)
Scrolls
 p - 4 scrolls of teleportation
 q - 3 scrolls of enchant weapon
 r - 2 scrolls of identify
 s - 3 scrolls of fear
 t - 2 scrolls of fog
 u - 5 scrolls of revelation
 B - a scroll of summoning
 X - a scroll of enchant armour
Potions
 l - a potion of ambrosia
 m - 5 potions of resistance
 D - a potion of invisibility
 G - 3 potions of curing
 J - a potion of might
 P - a potion of brilliance
 S - a potion of magic
 U - 2 potions of enlightenment
Miscellaneous
 H - a condenser vane


   Skills:
 - Level 8.0 Fighting
 + Level 11.1 Dodging
 - Level 4.0 Stealth
 - Level 18.1 Unarmed Combat
 + Level 2.2 Evocations
 + Level 14.3 Shapeshifting


You had 14 spell levels left.
You didn't know any spells.
Your spell library contained the following spells:

 Spells                   Type           Power      Damage    Failure   Level
 Apportation              Tloc           0%         N/A       36%         1
 Magic Dart               Conj           0%         1d3       36%         1
 Necrotise                Necr           0%         1d4       36%         1
 Sandblast                Erth           0%         2d4       36%         1
 Summon Small Mammal      Summ           0%         N/A       36%         1
 Ensorcelled Hibernation  Hex/Ice        0%         N/A       50%         2
 Passwall                 Tmut/Erth      0%         N/A       50%         2
 Searing Ray              Conj           0%         2d4       50%         2
 Sublimation of Blood     Necr           0%         N/A       50%         2
 Wereblood                Tmut           0%         N/A       50%         2
 Hailstorm                Conj/Ice       0%         3d5       75%         3
 Stone Arrow              Conj/Erth      0%         3d7       75%         3
 Swiftness                Air            0%         N/A       75%         3
 Volatile Blastmotes      Fire/Tloc      0%         2d10      75%         3
 Brom's Barrelling Bould  Conj/Erth      0%         2d3       98%         4
 Fulminant Prism          Conj/Hex       0%         3d5       98%         4
 Iskenderun's Mystic Bla  Conj/Tloc      0%         2d3       98%         4
 Leda's Liquefaction      Tmut/Erth      0%         N/A       98%         4
 Petrify                  Tmut/Erth      0%         N/A       98%         4
 Summon Ice Beast         Ice/Summ       0%         N/A       98%         4
 Vhi's Electric Charge    Tloc/Air       0%         N/A       98%         4
 Arcjolt                  Conj/Air       0%         1d10      100%        5
 Irradiate                Conj/Tmut      0%         3d11      100%        5
 Lee's Rapid Deconstruct  Erth           0%         3d4*      100%        5
 Bombard                  Conj/Erth      0%         9d1       100%        6
 Haunt                    Necr/Summ      0%         N/A       100%        7
 Malign Gateway           Summ/Tloc      0%         N/A       100%        7
 Summon Hydra             Summ           0%         N/A       100%        7
 Borgnjor's Revivificati  Necr           0%         N/A       100%        8
 Maxwell's Capacitive Co  Air            0%         ∞         100%        8
 Summon Horrible Things   Summ           0%         N/A       100%        8
 Death's Door             Necr           0%         N/A       100%        9
 Simulacrum               Ice/Necr       Unusable   N/A       N/A         6

Dungeon Overview and Level Annotations

Branches:
Dungeon (15/15)            Temple (0/1) D:4            Lair (5/5) D:10
 Shoals (0/4) Lair:2       Spider (0/4) Lair:3        Slime (0/5) Lair:5
    Orc (2/2) D:12            Elf (0/3) Orc:2        Vaults (0/5) D:13
  Sewer (visited)           IceCv (1/1)
 Depths: D:15

Altars:
Ashenzari
Gozag
Kikubaaqudgha
Nemelex Xobeh
Okawaru
Qazlal
Sif Muna
Trog
Wu Jian
Jiyva

Shops:
D:5 :?:[   D:14 [=*   Orc:1 :   Orc:2 (!?=

Portals:
Trove: D:13 (give +5 ice dragon scales)

Annotations:
Lair:5 exclusion: oklob plant IceCv exclusion: 2 orange crystal statues


Innate Abilities, Weirdness & Mutations

You have blades for hands.
You are incapable of wielding weapons or throwing items.
Your dull iron-grey scales are very hard. (AC +14)
You are amphibious.
You cannot fit into any form of body armour.
You are cold-blooded and may be slowed by cold attacks.


Message History

Unknown command.
You slice the quicksilver ooze!!
The quicksilver ooze is severely wounded.
The quicksilver ooze barely misses you.
The quicksilver ooze completely misses you.
The quicksilver ooze closely misses you. x2
Unknown command.
You slice the quicksilver ooze!!
You kill the quicksilver ooze!
The ooze engulfing you falls away.
The quicksilver ooze completely misses you.
The quicksilver ooze hits you but does no damage.
Unknown command.
You hit the quicksilver ooze. Your slash misses the quicksilver ooze.
The quicksilver ooze is lightly wounded.
The quicksilver ooze hits you.
* * * LOW HITPOINT WARNING * * *
The quicksilver ooze engulfs you!
The quicksilver ooze completely misses you.
You slash the quicksilver ooze! You tail-slap the quicksilver ooze.
Your slash misses the quicksilver ooze.
The quicksilver ooze is heavily wounded.
You closely miss the quicksilver ooze. You slash the quicksilver ooze!!
The quicksilver ooze is almost dead.
The quicksilver ooze hits you.
The quicksilver ooze completely misses you.
You closely miss the quicksilver ooze.
The quicksilver ooze is almost dead.
You shred the quicksilver ooze!!!
You kill the quicksilver ooze!
The quicksilver ooze dissolves into shadows!
The ooze engulfing you falls away.
You slash the great orb of eyes simulacrum!
You slash the great orb of eyes simulacrum.
The great orb of eyes simulacrum is severely damaged.
The great orb of eyes simulacrum bites you.
* * * LOW HITPOINT WARNING * * *
The great orb of eyes simulacrum freezes you!!
You die...
Your body crumbles into a pile of gold.

##### ##...##
##.....#
#......##
#.......#
##.......#
##@Z..#...#
#...#.##..#
##..##.##..#
#..##..##..#
#..#.).#..$#
##.##..##......8#
#..##..#....##..#
### #..#..##..###
.#
##.####.##..#...
#


You could see a great orb of eyes simulacrum (summoned).

Vanquished Creatures
  The ghost of Sogo Yxko the Fencer, a journeyman DsVM of Vehumet (D:14)
  3 quicksilver oozes (IceCv)
  An ironbound preserver (D:13)
  A dire elephant (Lair:5)
  A fire dragon (Lair:5)
  The ghost of TransRights the Basher, a journeyman MiBe of Trog (Orc:2)
  Harold (D:10)
  3 hydras
  2 centaur warriors
  5 two-headed ogres
  2 catoblepae (Lair:5)
  4 boulder beetles
  4 death yaks (Lair:5)
  Sonja (D:10)
  A skyshark (Lair:2)
  A skeletal warrior (D:13)
  A swamp dragon (Lair:5)
  A bog body (Lair:3)
  8 orc knights
  2 lindwurms
  4 deep elf pyromancers
  An arcanist (D:15)
  Pikel (D:9)
  6 ugly things
  2 orc sorcerers (Orc:1)
  A wolf spider (Lair:3)
  8 cyclopes
  4 manticores
  4 black mambas
  4 kobold blastminers (Orc:2)
  2 torpor snails
  Joseph (D:9)
  10 cane toads
  4 freezing wraiths
  An efreet (D:13)
  6 rime drakes
  12 komodo dragons
  2 kobold demonologists (D:11)
  Psyche (D:9)
  3 ice devils (Lair:3)
  4 polar bears
  2 trolls (D:11)
  A meliai (D:13)
  Grinder (D:3)
  A dream sheep (Lair:5)
  A snapping turtle (Lair:2)
  5 blink frogs
  A jumping spider (Lair:3)
  Sigmund (D:3)
  13 slime creatures
  A culicivora (Lair:3)
  A water elemental (Lair:2)
  5 wyverns
  55 yaks
  Eustachio (D:6)
  5 wargs
  6 basilisks
  A steam dragon (Lair:5)
  4 vampire mosquitoes
  A harpy simulacrum (Lair:3)
  8 acid dragons
  Duvessa (D:4)
  18 water moccasins
  2 great orb of eyes simulacra (IceCv)
  4 ice beasts
  35 orc warriors
  3 sky beasts
  3 black bears
  6 ogres
  20 wolves
  13 centaurs
  A lemure (D:9)
  A phantom (D:4)
  2 slime creature simulacra (IceCv)
  2 gnoll sergeants
  2 kobold brigands (D:11)
  13 bullfrogs
  A two-headed ogre simulacrum (Lair:3)
  5 scorpions
  3 glowing shapeshifter simulacra (IceCv)
  9 wights
  Dowan (D:4)
  12 killer bees
  3 vampire bats (D:12)
  5 electric eels
  3 howler monkeys
  7 hounds
  15 jellies
  9 orc priests
  2 sleepcaps (D:6)
  A gnoll bouda (D:9)
  13 orc wizards
  10 iguanas
  4 hell rats (Lair:5)
  A troll simulacrum (Lair:3)
  A wolf simulacrum (Lair:3)
  Robin (D:4)
  12 adders
  20 gnolls
  A shadow imp (D:7)
  A white imp (D:7)
  2 worms
  5 dart slugs
  54 orcs
  9 ball pythons
  4 bats
  A bat skeleton (D:12)
  4 bat zombies (D:12)
  10 endoplasms
  12 giant cockroaches
  11 goblins
  9 hobgoblins
  3 jackals (D:2)
  8 kobolds
  7 quokkas
  11 frilled lizards
  8 rats
663 creatures vanquished.

Vanquished Creatures (others)
  An orc (D:8)
1 creature vanquished.

Grand Total: 664 creatures vanquished

Notes
Turn   | Place    | Note
-------+----------+-------------------------------------------
     0 | D:1      | Hubris850 the Draconian Shapeshifter began the quest for
                  | the Orb.
     0 | D:1      | Reached XP level 1. HP: 16/16 MP: 1/1
   307 | D:1      | Reached XP level 2. HP: 23/23 MP: 2/2
   316 | D:1      | Found a faded altar of an unknown god.
   324 | D:1      | Prayed at the altar of an unknown god.
   324 | D:1      | Became a worshipper of Gozag Ym Sagoz the Greedy
   527 | D:1      | Upgraded the game from 0.31-a0-1237-gabc64e778c to
                  | 0.31-a0-1300-gb6740aa4e6
  1028 | D:2      | Reached XP level 3. HP: 16/28 MP: 3/3
  1236 | D:2      | Reached skill level 4 in Unarmed Combat
  1243 | D:2      | Reached XP level 4. HP: 10/35 MP: 4/4
  1855 | D:3      | Noticed Grinder
  1860 | D:3      | Paralysed by Grinder for 2 turns
  1864 | D:3      | Killed Grinder
  1865 | D:3      | Reached skill level 5 in Unarmed Combat
  1865 | D:3      | Reached XP level 5. HP: 40/40 MP: 5/5
  1865 | D:3      | Reached XP level 6. HP: 47/47 MP: 6/6
  2039 | D:3      | Noticed Sigmund
  2058 | D:3      | Killed Sigmund
  2059 | D:3      | Reached skill level 5 in Shapeshifting
  2318 | D:3      | You fall into a shaft and drop 3 floors!
  2321 | D:6      | Noticed an ice beast
  2333 | D:6      | Killed an ice beast
  2334 | D:6      | Reached skill level 6 in Unarmed Combat
  2334 | D:6      | Your scales start taking on a dull iron-grey colour.
  2334 | D:6      | Reached XP level 7. HP: 52/52 MP: 7/7
  2493 | D:6      | Found a glowing drain.
  2550 | Sewer    | Entered a sewer
  2789 | Sewer    | Reached skill level 7 in Unarmed Combat
  2912 | Sewer    | Reached XP level 8. HP: 59/59 MP: 8/8
  3196 | D:5      | Entered Level 5 of the Dungeon
  3196 | D:5      | Found Ythuoqos's Book Emporium.
  3218 | D:4      | Noticed Duvessa
  3218 | D:4      | Noticed Dowan
  3230 | D:4      | Killed Duvessa
  3234 | D:4      | Killed Dowan
  3235 | D:4      | Reached skill level 8 in Unarmed Combat
  3472 | D:4      | Found a staircase to the Ecumenical Temple.
  3972 | D:4      | Noticed Robin
  4001 | D:4      | Killed Robin
  4988 | D:5      | Found a stormy altar of Qazlal.
  4993 | D:5      | Noticed an air elemental
  5041 | D:5      | Found Pontuq's Book Shoppe.
  5066 | D:5      | Reached XP level 9. HP: 47/64 MP: 9/9
  5134 | D:5      | Found Baqux's Magic Scroll Shoppe.
  5256 | D:5      | Reached skill level 9 in Unarmed Combat
  5488 | D:5      | Found a sparkling altar of Nemelex Xobeh.
  5565 | D:5      | Found Verch's Antique Armour Emporium.
  5581 | D:5      | Bought a pair of glowing gloves for 225 gold pieces
  5790 | D:6      | Noticed Eustachio
  5802 | D:6      | Killed Eustachio
  6181 | D:7      | Found a broken altar of Ashenzari.
  6419 | D:7      | Reached skill level 10 in Unarmed Combat
  6839 | D:8      | Found an ornate altar of the Wu Jian Council.
  7042 | D:8      | Reached XP level 10. HP: 65/71 MP: 10/10
  7156 | D:8      | Found an iron altar of Okawaru.
  7179 | D:8      | Reached skill level 10 in Shapeshifting
  7598 | D:8      | Reached skill level 11 in Unarmed Combat
  8228 | D:9      | Noticed Psyche
  8242 | D:9      | Killed Psyche
  8260 | D:9      | Noticed Pikel
  8270 | D:9      | Killed Pikel
  8399 | D:9      | Found a shimmering blue altar of Sif Muna.
  8558 | D:9      | Noticed Joseph
  8566 | D:9      | Killed Joseph
  8567 | D:9      | Reached skill level 12 in Unarmed Combat
  8668 | D:10     | Entered Level 10 of the Dungeon
  8904 | D:10     | Reached XP level 11. HP: 66/77 MP: 11/11
  9214 | D:10     | Found a staircase to the Lair.
  9409 | D:10     | Noticed Harold
  9412 | D:10     | Noticed Sonja
  9423 | D:10     | Killed Harold
  9424 | D:10     | Reached skill level 13 in Unarmed Combat
  9443 | D:10     | Killed Sonja
  9700 | Lair:1   | Entered Level 1 of the Lair of Beasts
 10614 | Lair:1   | Identified a scroll of acquirement
 10614 | Lair:1   | Acquired the +3 triple sword of the Forest {venom, Str+6}
 11157 | Lair:1   | Reached skill level 14 in Unarmed Combat
 11663 | Lair:2   | Reached skill level 1 in Stealth
 11724 | Lair:2   | Reached XP level 12. HP: 40/85 MP: 12/12
 12076 | Lair:2   | Found a staircase to the Shoals.
 12889 | Lair:3   | Noticed a six-headed hydra
 12899 | Lair:3   | Killed a six-headed hydra
 13088 | Lair:3   | Reached skill level 5 in Fighting
 13615 | Lair:3   | Reached skill level 5 in Dodging
 13862 | Lair:3   | Reached XP level 13. HP: 51/103 MP: 13/13
 14347 | Lair:3   | Found a hole to the Spider Nest.
 15562 | Lair:5   | Entered Level 5 of the Lair of Beasts
 16465 | Lair:5   | Noticed a dire elephant
 16482 | Lair:5   | Killed a dire elephant
 16867 | Lair:5   | Found a staircase to the Slime Pits.
 16887 | Lair:5   | Found a viscous altar of Jiyva.
 17034 | Lair:5   | Found a sparkling altar of Nemelex Xobeh.
 17074 | Lair:5   | Reached skill level 15 in Unarmed Combat
 18011 | Lair:5   | Noticed a fire dragon
 18034 | Lair:5   | Killed a fire dragon
 18353 | D:11     | Reached skill level 16 in Unarmed Combat
 18388 | D:11     | Reached XP level 14. HP: 103/115 MP: 14/14
 19275 | D:12     | Found an ancient bone altar of Kikubaaqudgha.
 19741 | D:12     | Found a staircase to the Orcish Mines.
 20126 | Orc:1    | Entered Level 1 of the Orcish Mines
 20316 | Orc:1    | Reached skill level 17 in Unarmed Combat
 20482 | Orc:1    | Found Qisch's Book Shop.
 20563 | Orc:1    | Found a bloodstained altar of Trog.
 20700 | Orc:1    | Found a bloodstained altar of Trog.
 20857 | Orc:2    | Entered Level 2 of the Orcish Mines
 21215 | Orc:2    | Found Wuqeu's Firing Range.
 21408 | Orc:2    | Found a staircase to the Elven Halls.
 21498 | Orc:2    | Found a runed translucent gate.
 21499 | Orc:2    | Found a runed translucent gate.
 21527 | Orc:2    | Found a runed translucent gate.
 21528 | Orc:2    | Noticed TransRights's ghost (journeyman MiBe)
 21835 | Orc:2    | Found Ashiwn's Magic Scroll Shop.
 21835 | Orc:2    | Found Rowodinga's Jewellery Emporium.
 21951 | Orc:2    | HP: 4/115 [orc knight/+0 glaive (15)]
 22067 | Orc:1    | Reached skill level 18 in Unarmed Combat
 22427 | Orc:2    | Found Pusmos's Distillery.
 22470 | Orc:2    | Bought the ring of the Hare {EV+10} for 2048 gold pieces
 22470 | Orc:2    | Found the ring of the Hare {EV+10}
 22790 | Orc:2    | Killed TransRights's ghost
 23188 | D:13     | Found a gate to the Vaults.
 23188 | D:13     | Noticed an ironbound preserver
 23199 | D:13     | Killed an ironbound preserver
 23609 | D:13     | Reached skill level 10 in Dodging
 24058 | D:13     | Found a portal to a secret trove of treasure.
 24191 | D:14     | Reached XP level 15. HP: 116/121 MP: 15/15
 24343 | D:14     | Found a large runed translucent door.
 24344 | D:14     | Found a large runed translucent door.
 24347 | D:14     | Noticed Sogo Yxko's ghost (journeyman DsVM)
 24351 | D:14     | Found Iegefumy's Incredible Inventory.
 24428 | D:14     | Found Medduapn's Jewellery Emporium.
 24666 | D:14     | Found Toajypasch's Armour Shop.
 24812 | D:14     | Killed Sogo Yxko's ghost
 24835 | D:15     | Entered Level 15 of the Dungeon
 25226 | D:15     | Reached skill level 1 in Evocations
 25255 | D:15     | Found a frozen archway.
 25261 | IceCv    | Entered an ice cave
 25588 | IceCv    | HP: 3/121 [great orb of eyes simulacrum[an orange crystal
                  | statue] (6)]
 25588 | IceCv    | Annihilated by a great orb of eyes simulacrum

Illustrated notes

Levels and vault maps discovered:
D:1:      lemuel_arrival_lava_pool, layout_loops_corners,
          shapermc_ecumenical_altar_totnotflames
D:2:      layout_loops_ring
D:3:      layout_basic, minmay_misc_feat_ornament, uniq_sigmund, uniq_grinder
D:4:      layout_layer_cave, minmay_temple_entry_glass, uniq_duvessa, uniq_robin
D:5:      layout_loops_ring, nicolae_qazlal_style_of_elements,
          mainiacjoe_overflow_alcove_2, serial_shops,
          nicolae_shop_tiny_waterfront, shop, nicolae_shop_stone, shop
D:6:      layout_gridville, portal_sewer_entry_a, uniq_eustachio
D:7:      layout_basic, cheibrodos_ashenzari_chains, minivault_4,
          serial_library_hellmonk_room_a
D:8:      layout_basic, mainiacjoe_overflow_tiny_flanked,
          mainiacjoe_overflow_boulevard
D:9:      layout_loops_ring, lemuel_blue_sif_altar, minivault_1, uniq_joseph,
          uniq_pikel, uniq_psyche
D:10:     layout_loops_ring, due_lair_maze_entry_diamond,
          hangedman_decor_peaks_small, grunt_decor_resistance, kennysheep_dice,
          uniq_harold, uniq_sonja
D:11:     layout_basic
D:12:     layout_basic, orc_0_dummy, minmay_fountain_box, nicolae_eternal_life,
          hex_intersection, kennysheep_vampire_church
D:13:     layout_basic, skrybe_vaults_entry_preservation, enter_trove_0
D:14:     layout_gridville, serial_shops, nicolae_shop_peninsula,
          nicolae_shop_statue_plus, ebering_ghost_disaster_area,
          nicolae_alphabet_shops
D:15:     hangedman_depths_entry_civil_slaughter, layout_basic,
          portal_ice_cave_entry_horrid_things, worms_lemuel
Lair:1:   layout_cave_pods, serial_bayou_pond_b, minmay_holes,
          grunt_megastairs_5
Lair:2:   beargit_carnivore_pack, layout_regular_city, minmay_shoals_entry_hut,
          fungi_pond_lemuel
Lair:3:   dreamdust_isle_of_ice, layout_loops_ring, spider_nest_entry_rubble,
          nicolae_lair_run_with_the_wolves
Lair:4:   layout_hall_layers
Lair:5:   hangedman_lair_in_review, layout_cellular_growth,
          guppyfry_lair_end_dragon, minmay_slime_entry_jelly_boxes,
          lemuel_oklob_altar
Orc:1:    layout_diamond_mine, basic_altar, serial_shops, shop,
          trog_butcher_becter
Orc:2:    st_orc_rangers, layout_caves, gammafunk_ghost_split,
          small_statue_alley_c, nicolae_shop_firing_range
IceCv:    ice_cave_hellmonk_azure_passage

Skill      XL: |  1  2  3  4  5  6  7  8  9 10 11 12 13 14 15 |
---------------+----------------------------------------------+-----
Unarmed Combat | 4 5 6 7 8 10 12 14 16 18 | 18.1
Shapeshifting  | 4 5 6 8 9 11 13 14 | 14.3
Dodging        | 2 5 8 10 11 | 11.1
Stealth        | 1 4 |  4.0
Fighting       | 6 8 |  8.0
Evocations     | 2 |  2.2

Action                     |  1- 3 |  4- 6 |  7- 9 | 10-12 | 13-15 || total
---------------------------+-------+-------+-------+-------+-------++-------
  Melee: Unarmed           |    89 |    40 |   472 |   754 |  1046 ||  2401
         Tailslap          |    10 |     3 |    77 |   148 |   218 ||   456
         Punch             |       |     3 |     9 |       |    18 ||    30
         Constrict         |       |       |       |     8 |       ||     8
  Throw: Dart              |     4 |     3 |     2 |       |       ||     9
Ability: Begin Untransform |       |       |     1 |     4 |     1 ||     6
  Evoke: Condenser vane    |       |       |       |       |     1 ||     1
         Wand              |       |       |       |       |     6 ||     6
    Use: Scroll            |       |       |     8 |    15 |     8 ||    31
         Potion            |       |       |       |     4 |    11 ||    15
   Stab: Sleeping          |     4 |       |       |       |     2 ||     6
         Distracted        |     1 |       |     1 |     1 |     9 ||    12
         Petrified         |       |       |       |       |     5 ||     5
         Petrifying        |       |       |       |       |     1 ||     1
 Armour: Skin              |    29 |    21 |   213 |   294 |   436 ||   993
  Dodge: Dodged            |    44 |    14 |   291 |   664 |  1082 ||  2095
   Form: Flux              |       |       |     1 |     2 |       ||     3
         Maw               |       |       |       |     1 |       ||     1
         Serpent           |       |       |       |     1 |       ||     1
         Blade             |       |       |       |       |     1 ||     1

Table legend: (Time is in decaauts)
 A = Elapsed time spent in this place.
 B = Non-inter-level travel time spent in this place.
 C = Inter-level travel time spent in this place.
 D = Time resting spent in this place.
 E = Time spent auto-exploring this place.
 F = Levels seen in this place.
 G = Mean time per level.
                   A        B        C        D        E       F      G
               +--------+--------+--------+--------+--------+-----+--------+
         Total |  24980 |  23984 |    996 |   3443 |  14786 |  24 | 1040.8 |
       Dungeon |  13052 |  12508 |    544 |    620 |   9114 |  15 |  870.1 |
          Lair |   8425 |   8061 |    364 |   1939 |   4414 |   5 | 1685.0 |
  Orcish Mines |   2802 |   2715 |     87 |    707 |   1258 |   2 | 1401.0 |
         Sewer |    388 |    388 |      0 |     37 |      0 |   1 |  388.0 |
      Ice Cave |    310 |    310 |      0 |    140 |      0 |   1 |  310.0 |
               +--------+--------+--------+--------+--------+-----+--------+

Top non-repeatable levels by time:
  Lair:5: 2632 daAuts
   Orc:2: 1872 daAuts
  Lair:3: 1834 daAuts
  Lair:1: 1778 daAuts
  Lair:2: 1388 daAuts
     D:4: 1262 daAuts
    D:12: 1251 daAuts
     D:8: 1049 daAuts
    D:10: 1038 daAuts
   Orc:1: 930 daAuts
     D:6: 925 daAuts
     D:3: 899 daAuts
     D:1: 879 daAuts
     D:2: 877 daAuts
    D:13: 853 daAuts
